 Dungeon Crawl Stone Soup version 0.21.1-1-g345015f (webtiles) character file.

54 prawnwizard the Sneak (level 3, -1/17 HPs)
             Began as a Spriggan Enchanter on June 26, 2018.
             Slain by a worm (11 damage)
             ... on level 2 of the Dungeon.
             The game lasted 00:05:33 (1216 turns).

prawnwizard the Sneak (Spriggan Enchanter)          Turns: 1216, Time: 00:05:34

Health: -1/17      AC:  2    Str:  4    XL:     3   Next: 66%
Magic:  8/8        EV: 19    Int: 16    God:
Gold:   113        SH:  0    Dex: 17    Spells: 5/8 levels left

rFire    . . .     SeeInvis +   a - +1 dagger
rCold    . . .     Gourm    .   (shield restricted)
rNeg     . . .     Faith    .   b - +0 robe
rPois    .         Spirit   .   (helmet restricted)
rElec    .         Reflect  .   (no cloak)
rCorr    .         Harm     .   (gloves unavailable)
MR       .....                  (boots unavailable)
Stlth    +++.......             (no amulet)
HPRegen  0.05/turn              (no ring)
MPRegen  0.11/turn              (no ring)

@: very quick
A: very small, unfitting armour, see invisible, herbivore, speed 3, slow
metabolism 2
a: no special abilities


You were on level 2 of the Dungeon.
You were not hungry.

You visited 1 branch of the dungeon, and saw 2 of its levels.

You collected 113 gold pieces.

Inventory:

Hand Weapons
 a - a +1 dagger (weapon)
Armour
 b - a +0 robe (worn)
Scrolls
 e - a scroll of immolation {unknown}
 f - a scroll of fear {unknown}
 g - a scroll of enchant armour {unknown}
 h - a scroll of teleportation {unknown}
 k - a scroll of remove curse {unknown}
 l - a scroll of fog {unknown}
Potions
 i - a potion of heal wounds {unknown}
 j - a potion of curing {unknown}
Books
 c - a book of Maledictions

   Spells                             Type                      Level
   a - Corona                         Hexes                        1
   b - Ensorcelled Hibernation        Hexes/Ice                    2
   c - Confuse                        Hexes                        3
   d - Tukima's Dance                 Hexes                        3
   e - Dazzling Spray                 Conjuration/Hexes            3
Comestibles
 d - 4 rations


   Skills:
 + Level 0.4 Fighting
 + Level 1.5 Short Blades
 + Level 3.8 Dodging
 + Level 4.9 Stealth
 + Level 3.0 Spellcasting
 + Level 4.3 Hexes
 + Level 0.1 Ice Magic


You had 5 spell levels left.
You knew the following spells:

 Your Spells              Type           Power        Failure   Level  Hunger
a - Corona                Hex            ###....      3%          1    #......
b - Ensorcelled Hibernat  Hex/Ice        #.....       11%         2    ##.....


Dungeon Overview and Level Annotations

Branches:
Dungeon (2/15)

Altars:


Innate Abilities, Weirdness & Mutations

You are very small and have problems with some larger weapons.
You are too small for most types of armour.
You have supernaturally acute eyesight. (SInv)
You are a herbivore.
You cover ground extremely quickly.
You need consume almost no food.


Message History

You open the door.
There is an open door here.
A worm comes into view.
Found a scroll labeled LUILYO GIMESI and a scroll labeled JAUNTU YBYT.
Found a whip.
You hit the worm.
The worm is lightly wounded.
You barely miss the worm.
The worm is lightly wounded.
The worm misses you.
You hit the worm.
The worm is lightly wounded.
The worm bites you.
You hit the worm.
The worm is lightly wounded.
You hit the worm.
The worm is moderately wounded.
The worm bites you!
Ouch! That really hurt!
You die...

........†.)...........
...........###...##...
#######'##.# ##..#
#.......# .>.+
#.......# ####
#.......# #.......#
#.......# #.@.....#
#.w.....# .........#
.......??....
#.......####..
#.......# .. #.......#
#..)....#


You could see a worm.

Vanquished Creatures
  An adder (D:2)
  A worm (D:2)
  2 dart slugs (D:1)
  3 leopard geckos (D:1)
  2 bats
  2 giant cockroaches (D:1)
  8 goblins
  5 hobgoblins
  3 kobolds (D:1)
  3 rats (D:1)
30 creatures vanquished.

Notes
Turn   | Place    | Note
-------+----------+-------------------------------------------
     0 | D:1      | prawnwizard the Spriggan Enchanter began the quest for the Orb.
     0 | D:1      | Reached XP level 1. HP: 9/9 MP: 5/5
   152 | D:1      | Reached XP level 2. HP: 9/13 MP: 6/6
   162 | D:1      | Learned a level 2 spell: Ensorcelled Hibernation
   662 | D:1      | Reached XP level 3. HP: 12/16 MP: 8/8
  1216 | D:2      | Slain by a worm

Skill      XL: |  1  2 |
---------------+-------+-----
Hexes          | 4 |  4.3
Spellcasting   | 3 |  3.0
Fighting       | |  0.4
Short Blades   | |  1.5
Dodging        | |  3.8
Stealth        | |  4.9
Ice Magic      | |  0.1

Action                   || total
-------------------------++-------
Melee: Dagger            ||   158
 Cast: Ensorcelled Hiber ||     3
 Stab: Sleeping          ||     8
Armor: Robe              ||    14
Dodge: Dodged            ||   129
